 Dungeon Crawl Stone Soup version 0.27.0-1-g7a089689b8 (webtiles) character file.

Game seed: 2013081386343262966

2502 dtburroughs the Chopper (level 9, -4/81 HPs)
             Began as a Minotaur Berserker on Aug 8, 2021.
             Was a Believer of Trog.
             Slain by a boulder beetle (21 damage)
             ... on level 7 of the Dungeon.
             The game lasted 00:09:40 (8684 turns).

dtburroughs the Chopper (Minotaur Berserker)        Turns: 8684, Time: 00:09:40

Health: -4/81      AC: 14    Str: 22    XL:     9   Next: 28%
Magic:  8/8        EV:  8    Int:  7    God:    Trog [**....]
Gold:   299        SH:  7    Dex: 10    Spells: 8/8 levels left

rFire    . . .     SeeInvis .   a - +0 hand axe
rCold    . . .     Faith    .   k - +2 buckler
rNeg     . . .     Spirit   .   G - +0 plate armour
rPois    +         Reflect  .   (helmet restricted)
rElec    .         Harm     .   (no cloak)
rCorr    .         Rampage  .   j - +0 pair of gloves
Will     +....                  (no boots)
Stlth    ..........             (no amulet)
HPRegen  0.23/turn              q - ring of poison resistance
MPRegen  0.11/turn              F - ring of willpower

@: on berserk cooldown, slowed, very slow
A: horns 2, retaliatory headbutt
a: Renounce Religion, Berserk, Trog's Hand


You were on level 7 of the Dungeon.
You worshipped Trog.
Trog was pleased with you.
You visited 1 branch of the dungeon, and saw 9 of its levels.

You collected 299 gold pieces.

Inventory:

Hand Weapons
 a - a +0 hand axe (weapon)
 y - a +5 vorpal dire flail
Armour
 j - a +0 pair of gloves (worn)
 k - a +2 buckler (worn)
 G - a +0 plate armour (worn)
Jewellery
 q - a ring of poison resistance (left hand)
 F - a ring of willpower (right hand)
Wands
 v - a wand of flame (24)
Scrolls
 b - a scroll of summoning {unknown}
 c - 2 scrolls of magic mapping {unknown}
 d - a scroll of vulnerability {unknown}
 f - a scroll of noise {unknown}
 g - a scroll of teleportation {unknown}
 h - a scroll of amnesia {unknown}
 s - a scroll of blinking {unknown}
 t - a scroll of immolation {unknown}
 z - 2 scrolls of identify {unknown}
 A - a scroll of enchant weapon {unknown}
 B - a scroll of fear {unknown}
 C - a scroll of enchant armour {unknown}
 D - 2 scrolls of fog {unknown}
Potions
 e - 4 potions of curing
 i - a potion of resistance {unknown}
 l - 3 potions of lignification {unknown}
 m - a potion of haste {unknown}
 n - 3 potions of degeneration {unknown}
 o - 4 potions of heal wounds {unknown}
 p - a potion of invisibility {unknown}
 r - a potion of brilliance {unknown}
 u - a potion of might {unknown}
 w - a potion of flight {unknown}
 E - a potion of attraction {unknown}


   Skills:
 + Level 7.8 Fighting
 + Level 7.8 Axes
 + Level 7.2 Armour
 + Level 6.5 Dodging
 + Level 6.0 Shields


You had 8 spell levels left.
You didn't know any spells.
Your spell library was empty.

Dungeon Overview and Level Annotations

Branches:
Dungeon (9/15)             Temple (0/1) D:4
   Lair: D:8-11         Orc: D:9-12

Altars:
Ashenzari
Cheibriados
Elyvilon
Qazlal
Sif Muna
Wu Jian
Xom

Shops:
D:5 (:

Annotations:
D:9 2 transporters


Innate Abilities, Weirdness & Mutations

You have a pair of horns on your head.
You reflexively headbutt those who attack you in melee.


Message History

The boulder beetle bites you.
You hit the boulder beetle.
You headbutt the boulder beetle, but do no damage.
The boulder beetle is almost dead.
You block the boulder beetle's attack. The boulder beetle bites you!
You hit the boulder beetle but do no damage.
You headbutt the boulder beetle.
The boulder beetle is almost dead.
The boulder beetle bites you!!
You hit the boulder beetle but do no damage.
You headbutt the boulder beetle.
The boulder beetle is almost dead.
The boulder beetle bites you but does no damage.
You hit the boulder beetle but do no damage.
The boulder beetle is almost dead.
The boulder beetle bites you!
* * * LOW HITPOINT WARNING * * *
You block the boulder beetle's attack.
Your skin crawls.
You feel strong-willed. You block the boulder beetle's attack.
You hit the boulder beetle but do no damage.
You headbutt the boulder beetle, but do no damage.
The boulder beetle is almost dead.
The boulder beetle barely misses you.
The boulder beetle leaps!
The boulder beetle curls into a ball and begins rolling!
You block the boulder beetle's attack.
The boulder beetle stops rolling and uncurls.
You feel the effects of Trog's Hand fading.
The boulder beetle leaps!
The boulder beetle leaps!
Your skin stops crawling.
You feel less strong-willed. The boulder beetle bites you!!
* * * LOW HITPOINT WARNING * * *
The boulder beetle bites you.
* * * LOW HITPOINT WARNING * * *
You hit the boulder beetle but do no damage.
The boulder beetle is severely wounded.
The boulder beetle bites you!!
You die...

# #.##.## ..# .......#
#.# #.##..##### #°#
#.........####°#
#.##..###.....○#
#......#######°#
######...# ##.##
#.......B######...#####.
#.#####..@..............
#.#######...###### ...#
##.## #..... #.# .......
#.# ........# #.#
####...## #.# ##.## #.#
#.#


You could see a boulder beetle.

Vanquished Creatures
  Prince Ribbit (D:5)
  Sigmund (D:5)
  Eustachio (D:4)
  A wraith (D:9)
  Menkaure (D:6)
  Edmund (D:4)
  Duvessa (D:5)
  An orc warrior (D:9)
  3 necrophages
  An ice beast (D:5)
  An ogre (D:5)
  A centaur (D:9)
  A scorpion (D:6)
  Dowan (D:5)
  A water moccasin skeleton (D:5)
  4 killer bees (D:9)
  A howler monkey (D:5)
  A centaur zombie (D:9)
  A hound (D:5)
  A jelly (D:5)
  An orc priest (D:9)
  A bullfrog skeleton (D:6)
  A centaur skeleton (D:6)
  2 iguanas (D:5)
  Jessica (D:2)
  Natasha (thrice) (D:2)
  2 killer bee zombies (D:6)
  4 adders
  2 ufetubi (D:5)
  An adder skeleton (D:4)
  4 worms
  A dart slug (D:3)
  4 orcs (D:9)
  4 bats
  5 endoplasms
  5 giant cockroaches
  6 goblins
  10 hobgoblins
  10 jackals
  5 kobolds
  3 quokkas
  6 ball pythons
  2 frilled lizards
  A jackal skeleton (D:4)
  A rat (D:3)
110 creatures vanquished.

Vanquished Creatures (others)
  An ogre (D:6)
  A hound (D:6)
  An orc priest (D:6)
  An iguana (D:6)
  An ufetubus (D:6)
  An orc (D:6)
6 creatures vanquished.

Grand Total: 116 creatures vanquished

Notes
Turn   | Place    | Note
-------+----------+-------------------------------------------
     0 | D:1      | dtburroughs the Minotaur Berserker began the quest for the
                  | Orb.
     0 | D:1      | Reached XP level 1. HP: 19/19 MP: 0/0
   520 | D:1      | Reached XP level 2. HP: 27/27 MP: 1/1
   732 | D:1      | Reached ** piety under Trog
   747 | D:1      | Reached XP level 3. HP: 18/33 MP: 2/2
  1054 | D:1      | Found a faded altar of an unknown god.
  1517 | D:2      | Found a shimmering altar of Xom.
  1569 | D:2      | Noticed Natasha
  1572 | D:2      | Killed Natasha
  1573 | D:2      | Reached XP level 4. HP: 32/41 MP: 3/3
  2040 | D:2      | Noticed Jessica
  2052 | D:2      | Killed Jessica
  2602 | D:2      | Noticed Natasha
  2611 | D:2      | Killed Natasha
  2612 | D:2      | Reached XP level 5. HP: 34/47 MP: 4/4
  2630 | D:2      | Noticed Natasha
  2641 | D:2      | Killed Natasha
  3738 | D:3      | Reached skill level 1 in Shields
  4247 | D:4      | Found an ornate altar of the Wu Jian Council.
  4348 | D:4      | Noticed Edmund
  4360 | D:4      | Killed Edmund
  4361 | D:4      | Reached skill level 5 in Fighting
  4361 | D:4      | Reached skill level 5 in Axes
  4361 | D:4      | Reached XP level 6. HP: 52/56 MP: 5/5
  4577 | D:4      | Noticed Eustachio
  4607 | D:4      | Killed Eustachio
  4988 | D:4      | Reached XP level 7. HP: 50/61 MP: 6/6
  5269 | D:4      | Found a staircase to the Ecumenical Temple.
  5310 | D:4      | Found a snail-covered altar of Cheibriados.
  5493 | D:5      | Entered Level 5 of the Dungeon
  5493 | D:5      | Noticed Duvessa
  5494 | D:5      | Noticed Dowan
  5515 | D:5      | Killed Duvessa
  5516 | D:5      | Reached skill level 5 in Armour
  5518 | D:5      | Killed Dowan
  5830 | D:5      | Reached skill level 5 in Dodging
  5900 | D:5      | Reached XP level 8. HP: 54/70 MP: 7/7
  6013 | D:5      | Found a stormy altar of Qazlal.
  6189 | D:5      | Noticed Prince Ribbit
  6200 | D:5      | Killed Prince Ribbit
  6247 | D:5      | Found Sak Pef's Book Boutique.
  6272 | D:5      | Found Qyshruali's Antique Weapon Shoppe.
  6701 | D:5      | Found a broken altar of Ashenzari.
  6702 | D:5      | Found a white marble altar of Elyvilon.
  6969 | D:5      | Found a shimmering blue altar of Sif Muna.
  7153 | D:6      | Noticed Sigmund
  7164 | D:5      | Killed Sigmund
  7379 | D:6      | Noticed Menkaure
  7387 | D:6      | Killed Menkaure
  7388 | D:6      | Reached skill level 5 in Shields
  8068 | D:6      | You fall into a shaft and drop 3 floors!
  8074 | D:9      | Reached XP level 9. HP: 59/79 MP: 8/8
  8169 | D:9      | Found a transporter.
  8553 | D:9      | Found a transporter.
  8639 | D:7      | Noticed a boulder beetle
  8684 | D:7      | Slain by a boulder beetle

Illustrated notes

Levels and vault maps discovered:
D:1:      shiori_arrival_oz, layout_basic, dreamdust_ecumenical_altar_statues
D:2:      layout_basic, basic_altar, uniq_jessica, uniq_natasha
D:3:      layout_rooms, serial_co_window_serial, co_window_paths_a,
          co_window_corner_a, co_window_paths_a, co_window_cross_1,
          co_window_paths_a, co_window_of_opportunity_a,
          co_window_of_opportunity_c, co_window_2corner, co_window_broadway_b,
          co_window_broadway_c, co_window_4corner_a, glass_columns_a,
          glass_columns_a, glass_columns_c, glass_columns_c,
          corexii_item_surrounded_by_moat, st_stairs_13
D:4:      layout_loops_ring, lemuel_doored_altar, cheibrodos_worm_habitat,
          temple_fountains, chequers_serial_rivers_small_b,
          minmay_misc_feat_cross, uniq_edmund, uniq_eustachio
D:5:      layout_basic, nicolae_sif_muna_condensation,
          mainiacjoe_overflow_paths, grunt_temple_overflow_open, serial_shops,
          kennysheep_little_box, nicolae_wooded_promenade, uniq_duvessa,
          uniq_prince_ribbit1
D:6:      layout_loops_ring, xom_confusion_cloud, uniq_menkaure, uniq_sigmund
D:7:      layout_loops_ring, grunt_temple_overflow_order_and_chaos_2
D:8:      minmay_spotlight, layout_loops_ring, marbit_many_paths,
          eat_drink_and_be_merry_uskayaw, serial_shops, shop,
          chequers_serial_rivers_micro_c, st_stairs_13,
          minmay_stone_trees_medium, minmay_mini_ossuary, uniq_joseph
D:9:      gammafunk_steamed_eel, layout_irregular_city,
          mainiacjoe_overflow_boulevard, nicolae_overflow_crystal_walls,
          mainiacjoe_overflow_alcove_4, david_lair_shrubbed, orc_0_dummy,
          serial_shops, nicolae_shop_trees, uniq_erolcha

Skill      XL: |  1  2  3  4  5  6  7  8  9 |
---------------+----------------------------+-----
Fighting       | 4 5 6 7 |  7.8
Axes           | 4 5 6 7 |  7.8
Armour         | 3 4 5 6 7 |  7.2
Dodging        | 3 4 5 6 |  6.5
Shields        | 1 2 3 5 6 |  6.0

Action                   |  1- 3 |  4- 6 |  7- 9 || total
-------------------------+-------+-------+-------++-------
Melee: Hand axe          |    79 |   105 |   239 ||   423
       Headbutt          |     7 |    26 |    51 ||    84
Invok: Berserk           |       |     3 |     6 ||     9
       Trog's Hand       |       |       |     6 ||     6
Armor: Animal skin       |    16 |     4 |       ||    20
       Scale mail        |       |     5 |       ||     5
       Chain mail        |       |    15 |    84 ||    99
       Plate armour      |       |       |     1 ||     1
Dodge: Dodged            |    56 |    45 |   118 ||   219
Block: Buckler           |       |    16 |    85 ||   101
